 Dungeon Crawl Stone Soup version 0.29.1-15-g9cfb28693d (webtiles) character file.

Game seed: 15587131669985470127

738 112233 the Changer (level 7, 0/54 HPs)
             Began as a Spriggan Transmuter on Feb 22, 2023.
             Slain by a water moccasin (6 damage)
             ... on level 5 of the Dungeon.
             The game lasted 00:07:17 (6236 turns).

112233 the Changer (Spriggan Transmuter)            Turns: 6236, Time: 00:07:17

Health: 0/54       AC: 23    Str:  5 (6)  XL:     7   Next: 46%
Magic:  14/16      EV:  4    Int: 13 (16) God:
Gold:   246        SH:  0    Dex: 14 (16) Spells: 10/16 levels left

rFire   . . .      SeeInvis +   f - +1 war axe (vorpal)
rCold   . . .      Faith    .   (no shield)
rNeg    . . .      Spirit   .   (body armour currently unavailable)
rPois   +          Reflect  .   (helmet currently unavailable)
rElec   .          Harm     .   (cloak currently unavailable)
rCorr   .          Rampage  .   (gloves unavailable)
Will    +....      NoTele   +   (boots unavailable)
Stlth   +.........              (no amulet)
HPRegen 0.18/turn               (no ring)
MPRegen 0.15/turn               (no ring)

@: lethally poisoned (0 -> -6), tree-form, attractive, hasted, very quick
A: stationary, stasis, torment immunity, boosted hp, very small, no large
weapons, unfitting armour, see invisible, (speed 3), (hooves 1), (horns 1)
a: no special abilities


You were on level 5 of the Dungeon.
You were a tree.
You visited 1 branch of the dungeon, and saw 5 of its levels.

You collected 246 gold pieces.

Inventory:

Hand Weapons
 c - a +0 spear
 e - a +0 hand axe
 f - a +1 vorpal war axe (weapon)
 t - a +2 dagger of venom
Armour
 a - a +0 robe (melded)
Jewellery
 j - a ring of flight
Wands
 x - a wand of charming (5)
Scrolls
 g - 4 scrolls of identify {unknown}
 h - 2 scrolls of fear {unknown}
 i - 3 scrolls of enchant weapon {unknown}
 m - a scroll of enchant armour {unknown}
 n - 3 scrolls of poison {unknown}
 p - a scroll of butterflies {unknown}
 q - 3 scrolls of teleportation {unknown}
 r - a scroll of amnesia {unknown}
 u - a scroll of brand weapon {unknown}
 v - a scroll of immolation
Potions
 b - 2 potions of lignification
 d - 3 potions of flight
 k - a potion of brilliance
 o - 2 potions of cancellation
 s - a potion of degeneration
 z - a potion of haste


   Skills:
 + Level 3.2 Fighting
 + Level 5.8 Dodging
 - Level 3.0 Unarmed Combat
 + Level 5.3 Spellcasting
 + Level 5.8 Transmutations


You had 10 spell levels left.
You knew the following spells:

 Your Spells              Type           Power      Damage    Failure   Level
a - Beastly Appendage     Tmut           36%        N/A       1%          1
b - Wereblood             Tmut           18%        N/A       2%          2
c - Spider Form           Tmut/Pois      11%        N/A       16%         3

Your spell library contained the following spells:

 Spells                   Type           Power      Damage    Failure   Level
 Ice Form                 Ice/Tmut       11%        N/A       47%         4


Dungeon Overview and Level Annotations

Branches:
Dungeon (5/15)             Temple (0/1) D:4

Altars:

Shops:
D:3 (

Annotations:
D:1 exclusion: downstairs
D:4 exclusion: downstairs
D:5 2 transporters


Innate Abilities, Weirdness & Mutations

You are a tree.
Your roots penetrate the ground, keeping you stationary.
You cannot be teleported.
You are immune to unholy pain and torment.
Your maximum health is greatly increased.
Your equipment is partially melded.
You are very small and have problems with some larger weapons.
You are too small for most types of armour.
You have supernaturally acute eyesight. (SInv)
((You cover ground extremely quickly. (Speed+++)))
((You have large cloven feet.))
((You have a pair of small horns on your head.))


Message History

Unknown command.
You feel very sick.
It was a potion of cancellation.
Your magical effects are unravelling.
You feel magically purged.
Your transformation has ended.
Your +1 vorpal war axe unmelds from your body.
Your +0 robe unmelds from your body.
You feel very sick.
The water moccasin completely misses you.
The water moccasin bites you.
Really quaff the potion of lignification?
You turn into a tree.
Your +0 robe melds into your body.
Your roots penetrate the ground.
* * * LOW HITPOINT WARNING * * *
You feel very sick. The water moccasin bites you.
* * * LOW HITPOINT WARNING * * *
Unknown command.
It was a potion of degeneration.
There was something very wrong with that liquid.
You feel weakened.
You feel dopey.
You feel clumsy.
* * * LOW HITPOINT WARNING * * *
You feel very sick. The water moccasin barely misses you.
The water moccasin bites you but does no damage.
It was a potion of haste.
You feel yourself speed up.
* * * LOW HITPOINT WARNING * * *
You feel very sick.
The water moccasin bites you but does no damage.
It was a potion of mutation.
You feel extremely strange. A pair of horns grows on your head!
Your feet thicken and deform.
* * * LOW HITPOINT WARNING * * *
You feel sick.
The water moccasin bites you but does no damage.
It was a potion of attraction.
You feel attractive to monsters.
* * * LOW HITPOINT WARNING * * *
You feel sick. The water moccasin bites you.
You die...

..>..............
.................
.#...............
.##.............#####
.##..............#..##
..#.....÷...###......##
............###.. ....#
..............#.##....#
.###.##.......#.♣SS...#
##
###..........####...# #
###.........## ##
####.#.........#
##.........#.###
............##
###.#.......##
#####........# .#
#...#.....#


You could see a water moccasin and an adder.

Vanquished Creatures
  Eustachio (D:4)
  3 scorpions (D:5)
  3 hounds
  Jessica (D:2)
  3 iguanas
  An orc wizard (D:4)
  Robin (D:3)
  4 gnolls (D:2)
  4 adders
  3 worms (D:3)
  5 dart slugs
  13 orcs
  4 bats
  5 endoplasms
  3 giant cockroaches
  19 goblins
  5 hobgoblins
  2 jackals (D:3)
  5 kobolds
  3 quokkas
  9 ball pythons
  5 frilled lizards
  6 rats
108 creatures vanquished.

Notes
Turn   | Place    | Note
-------+----------+-------------------------------------------
     0 | D:1      | 112233 the Spriggan Transmuter began the quest for the Orb.
     0 | D:1      | Reached XP level 1. HP: 9/9 MP: 5/5
   177 | D:1      | Reached skill level 1 in Fighting
   179 | D:1      | Reached XP level 2. HP: 14/14 MP: 4/6
  1082 | D:1      | Reached XP level 3. HP: 16/18 MP: 8/8
  1458 | D:2      | Learned a level 3 spell: Spider Form
  1880 | D:2      | Learned a level 2 spell: Wereblood
  1897 | D:2      | Noticed Jessica
  2280 | D:3      | Noticed Robin
  2282 | D:3      | Reached XP level 4. HP: 18/22 MP: 8/10
  2287 | D:3      | Killed Robin
  2534 | D:3      | Reached XP level 5. HP: 23/26 MP: 11/11
  2611 | D:3      | Found a faded altar of an unknown god.
  2995 | D:3      | Found Xanluuq's Antique Weapon Shoppe.
  3174 | D:2      | Killed Jessica
  4525 | D:4      | Noticed Eustachio
  4545 | D:4      | Killed Eustachio
  4546 | D:4      | Reached XP level 6. HP: 28/32 MP: 9/13
  4548 | D:4      | Reached skill level 5 in Dodging
  4548 | D:4      | Reached skill level 5 in Transmutations
  4583 | D:4      | Noticed an orc warrior
  4925 | D:4      | Found a staircase to the Ecumenical Temple.
  4957 | D:5      | Entered Level 5 of the Dungeon
  5476 | D:5      | Reached XP level 7. HP: 35/35 MP: 11/15
  5529 | D:5      | Found a transporter.
  5535 | D:5      | Reached skill level 5 in Spellcasting
  5759 | D:5      | Found a sand-covered staircase.
  5767 | D:5      | Found a transporter.
  6235 | D:5      | Gained mutation: You have a pair of small horns on your
                  | head. [potion of mutation]
  6235 | D:5      | Gained mutation: You have large cloven feet. [potion of
                  | mutation]
  6236 | D:5      | Slain by a water moccasin

Illustrated notes

Levels and vault maps discovered:
D:1:      tarquinn_simple_flora_water_e, layout_basic
D:2:      layout_loops_ring, minmay_misc_feat_four_crosses,
          nicolae_elevator_lobby_plus, uniq_jessica
D:3:      layout_basic, serial_shops, shop, hellmonk_ecumenical_altar_blasted,
          uniq_robin
D:4:      layout_basic, minmay_temple_entry_from_below_a, uniq_eustachio
D:5:      gammafunk_wand_slinger, layout_cave_pools, enter_ossuary_2

Skill      XL: |  1  2  3  4  5  6  7 |
---------------+----------------------+-----
Fighting       | 1 2 3 |  3.2
Dodging        | 3 4 5 |  5.8
Transmutations | 3 4 5 |  5.8
Spellcasting   | 3 4 5 |  5.3
Unarmed Combat | 3 |  3.0

Action                   |  1- 3 |  4- 6 |  7- 9 || total
-------------------------+-------+-------+-------++-------
Melee: Unarmed           |    11 |    37 |    32 ||    80
       Hand axe          |    28 |       |       ||    28
       Kick              |    12 |    18 |       ||    30
       Headbutt          |     3 |    10 |       ||    13
       War axe           |    67 |   105 |     5 ||   177
       Punch             |       |     1 |     1 ||     2
 Cast: Beastly Appendage |    27 |    25 |     2 ||    54
       Wereblood         |     1 |     8 |     3 ||    12
       Spider Form       |       |     5 |     7 ||    12
  Use: Potion            |       |     2 |     6 ||     8
 Stab: Sleeping          |     4 |     1 |       ||     5
Armor: Robe              |    15 |     7 |     1 ||    23
       Skin              |       |    14 |     4 ||    18
Dodge: Dodged            |    98 |   137 |    40 ||   275
